 Dungeon Crawl Stone Soup version 0.27-a0-1060-gcb85b5eba1 (webtiles) character file.

Game seed: 5939467148968217080

129493 leviel the Peltast (level 17, -11/159 HPs)
             Began as a Hill Orc Fighter on Apr 21, 2021.
             Was an Initiate of Gozag.
             Killed from afar by a blizzard demon (29 damage)
             ... with a bolt of lightning
             ... summoned by a deep elf demonologist
             ... on level 1 of the Elven Halls.
             The game lasted 01:09:47 (40446 turns).

leviel the Peltast (Hill Orc Fighter)              Turns: 40446, Time: 01:09:48

Health: -11/159    AC: 27    Str: 32    XL:     17   Next: 5%
Magic:  17/17      EV:  9    Int:  8    God:    Gozag
Gold:   1358       SH: 22    Dex: 10    Spells: 16/16 levels left

rFire    . . .     SeeInvis +   H - +5 hand axe of Fee Simple {flame, +Blink}
rCold    . . .     Faith    .   c - +1 kite shield
rNeg     . . .     Spirit   .   B - +3 plate armour
rPois    .         Reflect  +   z - +2 helmet
rElec    .         Harm     .   b - +2 cloak
rCorr    .         Rampage  .   q - +0 pair of gloves
Will     +....                  N - +0 pair of boots
Stlth    ..........             P - amulet of reflection
HPRegen  0.36/turn              m - ring of see invisible
MPRegen  0.15/turn              L - +6 ring of strength

@: bribing [the Elven Halls]
A: talons 1, sense surroundings 1, sturdy frame 1
a: Renounce Religion, Evoke Blink, Potion Petition, Call Merchant, Bribe Branch


You were on level 1 of the Elven Halls.
You worshipped Gozag.
Gozag was most pleased with you.
You visited 4 branches of the dungeon, and saw 24 of its levels.
You visited the Abyss 1 time.
You also visited: Ossuary.

You collected 9600 gold pieces.
You spent 2098 gold pieces at shops.
You paid 6144 gold pieces to Gozag.

Inventory:

Hand Weapons
 a - a +4 war axe of draining
 l - a +6 rapier of venom
 H - the +5 hand axe of Fee Simple (weapon) {flame, +Blink}
   (You bought it in a shop on level 5 of the Lair of Beasts)

   It has been specially enchanted to burn those struck by it, causing extra
   injury to most foes and up to half again as much damage against particularly
   susceptible opponents.
   Big, fiery blades are also staple armaments of hydra-hunters.
   It lets you blink.
Missiles
 d - 2 atropa-tipped darts
 g - 11 curare-tipped darts (quivered)
 u - 59 poisoned darts
 O - 4 throwing nets
Armour
 b - a +2 cloak (worn)
 c - a +1 kite shield (worn)
 q - a +0 pair of gloves (worn)
 z - a +2 helmet (worn)
 B - a +3 plate armour (worn)
 N - a +0 pair of boots (worn)
Jewellery
 m - a ring of see invisible (left hand)
 o - a ring of ice
 t - an amulet of the acrobat
 v - a +4 ring of evasion
 L - a +6 ring of strength (right hand)
 P - an amulet of reflection (around neck)
 R - a ring of fire
 S - a ring of ice
Wands
 f - a wand of digging (4)
 h - a wand of acid (9)
 p - a wand of polymorph (20)
 y - a wand of mindburst (24)
 E - a wand of flame (25)
 F - a wand of iceblast (25)
 I - a wand of paralysis (5)
Scrolls
 j - 14 scrolls of identify
 n - 7 scrolls of teleportation
 s - 5 scrolls of magic mapping
 x - 7 scrolls of amnesia
 C - 5 scrolls of fear
 M - 3 scrolls of immolation
 Q - a scroll of holy word
 U - a scroll of silence {unknown}
Potions
 e - 7 potions of curing
 i - 4 potions of brilliance
 k - 5 potions of attraction
 w - 5 potions of lignification
 A - 2 potions of cancellation
 G - 4 potions of haste
 J - 2 potions of might
 T - a potion of flight
Miscellaneous
 D - a lightning rod (4/4)


   Skills:
 - Level 16.5 Fighting
 - Level 16.8 Axes
 + Level 6.2 Throwing
 - Level 10.1 Armour
 - Level 0.2 Dodging
 - Level 18.0 Shields
 + Level 11.6 Evocations


You had 16 spell levels left.
You didn't know any spells.
Your spell library contained the following spells:

 Spells                   Type           Power      Damage    Failure   Level
 Corona                   Hex            0%         N/A       88%         1
 Magic Dart               Conj           0%         1d3       88%         1
 Shock                    Conj/Air       0%         1d3       88%         1
 Passwall                 Tmut/Erth      0%         N/A       95%         2
 Poisonous Vapours        Pois/Air       0%         N/A       95%         2
 Searing Ray              Conj           0%         3d3       95%         2
 Slow                     Hex            0%         N/A       95%         2
 Static Discharge         Conj/Air       0%         N/A       95%         2
 Conjure Flame            Conj/Fire      0%         6-21      99%         3
 Dazzling Flash           Conj/Hex       0%         N/A       99%         3
 Inner Flame              Hex/Fire       0%         N/A       99%         3
 Mephitic Cloud           Conj/Pois/Air  0%         N/A       99%         3
 Portal Projectile        Hex/Tloc       0%         N/A       99%         3
 Swiftness                Air            0%         N/A       99%         3
 Cause Fear               Hex            0%         N/A       100%        4
 Fulminant Prism          Conj/Hex       0%         3d6       100%        4
 Iskenderun's Mystic Bla  Conj/Tloc      0%         2d3       100%        4
 Leda's Liquefaction      Hex/Erth       0%         N/A       100%        4
 Summon Lightning Spire   Summ/Air       0%         N/A       100%        4
 Lightning Bolt           Conj/Air       0%         1d11      100%        5
 Silence                  Hex/Air        0%         N/A       100%        5
 Yara's Violent Unravell  Hex/Tmut       0%         3d3       100%        5
 Conjure Ball Lightning   Conj/Air       0%         3x3d6     100%        6
 Freezing Cloud           Conj/Ice/Air   0%         6-21      100%        6
 Ignition                 Fire           0%         3d3       100%        8
 Shatter                  Erth           0%         3d5*      100%        9
 Tornado                  Air            0%         N/A       100%        9


Dungeon Overview and Level Annotations

Branches:
Dungeon (15/15)            Temple (0/1) D:6            Lair (6/6) D:8
  Swamp (0/4) Lair:4        Snake (0/4) Lair:2        Slime (0/5) Lair:5
    Orc (2/2) D:11            Elf (1/3) Orc:2        Vaults (0/5) D:13
 Depths (0/5) D:15        Ossuary (visited)

Altars:
Ashenzari
Cheibriados
Dithmenos
Gozag
Makhleb
Qazlal
Ru
Trog
Zin
Beogh

Shops:
D:5 (   Orc:1 :!=*   Orc:2 (?*(   Lair:3 (   Lair:5 (

Portals:
Hell: Lair:6

Annotations:
D:10 2 transporters
Lair:5 exclusion: 2 oklob plants
Lair:6 2 transporters, vhaine's ghost, journeyman DsGl


Innate Abilities, Weirdness & Mutations

You have sharp toenails.
You passively map a small area around you.
Your movements are slightly less encumbered by armour. (ER -2)


Message History

You closely miss the sun demon.
The sun demon is heavily wounded.
The rust devil disappears in a puff of smoke!
The deep elf pyromancer becomes distracted by the nearby gold, dreaming of imaginary riches.
You block the sun demon's attack.
The deep elf pyromancer shouts!
You hit the sun demon.
The sun demon is heavily wounded.
The deep elf demonologist is no longer distracted by gold.
The sun demon hits you!
You are engulfed in flames!
The deep elf pyromancer points at you and mumbles some strange words.
The bolt of fire hits the sun demon.
The sun demon completely resists.
The bolt of fire hits you!!!
* * * LOW HITPOINT WARNING * * *
You are too injured to fight recklessly!
The sun demon disappears in a puff of smoke!
Blink to where?
Press: ? - help, Dir - move target
As you read the scroll of blinking, it crumbles to dust.
Unknown command.
Things that are here:
a +0 long sword; a +0 leather armour You see here a +0 dagger.
Blink to where?
Press: ? - help, Dir - move target
As you read the scroll of blinking, it crumbles to dust.
The deep elf pyromancer gestures at you while chanting.
The bolt of fire hits you!!
* * * LOW HITPOINT WARNING * * *
The deep elf demonologist mumbles some strange words.
As you read the scroll of fear, it crumbles to dust.
You assume a fearsome visage.
The blizzard demon is unaffected.
The deep elf pyromancer looks frightened!
The deep elf demonologist looks frightened!
The deep elf pyromancer gestures wildly while chanting.
The deep elf pyromancer blinks!
The blizzard demon gestures at you. The bolt of lightning hits you!!
You die...
Your body crumbles into a pile of gold.

#.# ##...## #.# ##.#######
##'## #.##..... ##...##
##....##*,## #.....##
##....## *.#
.......###.....# .#
........##...ยง.## ##.#
........'.......###..#
........###..e..@...######
.......## ##..2#.........#
#.....## ##.##########.#
##...## #.# #.# ##+#* #.#
#.# *, #.# #.# ,* #.# #.#
#.# #.# #.##########'#


You could see a blizzard demon (summoned) and a deep elf demonologist (fleeing).

Vanquished Creatures
  Rupert (D:14)
  Gastronok (Lair:3)
  An orc warlord (Orc:2)
  A dire elephant (Lair:6)
  Nessos (D:13)
  An ettin (Orc:1)
  A fire dragon (D:8)
  Harold (D:11)
  8 vault guards (D:13)
  Erolcha (D:9)
  4 boulder beetles
  6 centaur warriors
  23 hydras
  A catoblepas (Lair:6)
  8 two-headed ogres
  A death knight (D:15)
  4 tengu warriors (D:15)
  13 death yaks
  3 orc high priests (Orc:2)
  A vampire mage (D:14)
  Urug (D:11)
  A storm dragon zombie (D:15)
  Nergalle (Lair:4)
  A sun demon (Lair:6)
  Sonja (D:10)
  2 skeletal warriors (D:15)
  2 golden dragon zombies (D:15)
  A necromancer (D:15)
  4 deep elf pyromancers
  2 wizards
  5 deep elf zephyrmancers (Elf:1)
  5 orc knights
  A phantasmal warrior (D:15)
  A tengu zombie (D:15)
  5 orc sorcerers (Orc:2)
  6 ugly things
  3 manticores
  3 cyclopes
  10 centaur zombies
  5 black mambas
  6 elephants
  An orange demon (Lair:6)
  An unseen horror (D:12)
  An unseen horror (shapeshifter) (D:13)
  A kobold demonologist (D:11)
  14 cane toads
  11 rime drakes
  2 freezing wraiths
  An ice devil (Lair:6)
  18 komodo dragons
  3 red devils (Lair:6)
  2 polar bears
  5 trolls
  A wolf spider simulacrum (D:14)
  10 blink frogs
  7 slime creatures
  A slime creature (shapeshifter) (D:14)
  A meliai zombie (D:15)
  4 dream sheep
  2 wraiths
  30 yaks
  13 wyverns
  9 basilisks
  3 steam dragons
  Grum (D:11)
  12 vampire mosquitoes
  4 swamp worms (Lair:4)
  Menkaure (Ossuary)
  5 acid dragons
  2 nagas (Lair:2)
  4 wargs
  45 water moccasins
  4 hell hounds (Lair:6)
  24 orc warriors
  2 black bears
  6 ogres
  6 centaurs
  11 wolves
  6 kobold brigands
  2 gnoll sergeants (D:9)
  4 scorpions
  9 bullfrogs
  A water moccasin zombie (D:5)
  9 killer bees (D:9)
  4 wights (D:9)
  An electric eel (Lair:2)
  3 howler monkeys (D:8)
  A hound (D:6)
  3 jellies
  A centaur skeleton (D:7)
  16 orc priests
  Jessica (D:3)
  2 gnoll shamans
  20 orc wizards
  Natasha (twice) (D:3)
  5 iguanas
  4 hell rats (Lair:5)
  3 killer bee zombies
  3 ogre zombies (Ossuary)
  A hound skeleton (D:5)
  7 mummies
  A howler monkey zombie (D:9)
  20 gnolls
  16 adders
  A shadow imp (D:7)
  An ufetubus (D:5)
  2 adder zombies (Ossuary)
  2 worms
  3 dart slugs
  54 orcs
  7 ball pythons
  6 endoplasms
  4 giant cockroaches
  7 goblins
  11 hobgoblins
  3 jackals
  4 quokkas
  6 bats
  5 frilled lizards
  5 goblin zombies (Ossuary)
  6 hobgoblin zombies (Ossuary)
  14 kobolds
  3 kobold zombies (Ossuary)
  3 orc zombies (Ossuary)
  5 quokka zombies
  8 rats
  3 rat zombies (Ossuary)
723 creatures vanquished.

Vanquished Creatures (collateral kills)
  An orc priest (Elf:1)
  An orc (Elf:1)
2 creatures vanquished.

Vanquished Creatures (others)
  6 dancing weapons
  4 deep elf zephyrmancers (Elf:1)
  8 deep elf pyromancers (Elf:1)
  An air elemental (Elf:1)
  A warg (Elf:1)
  39 bushes (Lair:5)
  50 fungi
  75 plants
  A withered plant (D:15)
185 creatures vanquished.

Grand Total: 910 creatures vanquished

Notes
Turn   | Place    | Note
-------+----------+-------------------------------------------
     0 | D:1      | leviel the Hill Orc Fighter began the quest for the Orb.
     0 | D:1      | Reached XP level 1. HP: 19/19 MP: 1/1
   153 | D:1      | Reached XP level 2. HP: 27/27 MP: 2/2
   610 | D:1      | Reached XP level 3. HP: 12/33 MP: 3/3
  1032 | D:2      | Identified Negh's Disquisition on Mutagenic Weightlessness
  1069 | D:2      | Found a faded altar of an unknown god.
  1680 | D:3      | Found an opulent altar of Gozag.
  1689 | D:3      | Became a worshipper of Gozag Ym Sagoz the Greedy
  1699 | D:3      | Found a broken altar of Ashenzari.
  1717 | D:3      | Reached XP level 4. HP: 39/40 MP: 4/4
  1738 | D:3      | Found a stormy altar of Qazlal.
  1749 | D:3      | Found a shadowy altar of Dithmenos.
  1941 | D:3      | Noticed Natasha
  1951 | D:3      | Killed Natasha
  1952 | D:3      | Reached skill level 4 in Shields
  2590 | D:3      | Noticed Natasha
  2595 | D:3      | Killed Natasha
  2596 | D:3      | Reached XP level 5. HP: 44/47 MP: 5/5
  2887 | D:3      | Found a glowing silver altar of Zin.
  2887 | D:3      | Noticed an angel
  3047 | D:3      | Noticed Jessica
  3051 | D:3      | Killed Jessica
  3174 | D:4      | Noticed an ogre
  3183 | D:4      | Killed an ogre
  3184 | D:4      | Reached skill level 5 in Fighting
  3184 | D:4      | Reached skill level 5 in Axes
  3184 | D:4      | Reached XP level 6. HP: 7/56 MP: 6/6
  4181 | D:5      | Entered Level 5 of the Dungeon
  4469 | D:5      | Reached XP level 7. HP: 17/64 MP: 7/7
  5315 | D:5      | Found Ejen's Antique Weapon Boutique.
  5441 | D:6      | Reached XP level 8. HP: 47/73 MP: 8/8
  5567 | D:6      | Found a staircase to the Ecumenical Temple.
  6069 | D:6      | Reached XP level 9. HP: 73/82 MP: 9/9
  6796 | D:7      | Reached skill level 5 in Armour
  7110 | D:7      | Reached XP level 10. HP: 73/91 MP: 10/10
  7233 | D:7      | Found a sand-covered staircase.
  7241 | Ossuary  | Entered an ossuary
  7552 | Ossuary  | Noticed Menkaure
  7570 | Ossuary  | Gained mutation: You are clumsy. (Dex -2) [potion of
                  | mutation]
  7570 | Ossuary  | Gained mutation: You are somewhat resistant to further
                  | mutation. [potion of mutation]
  7958 | Ossuary  | Killed Menkaure
  8723 | D:8      | Noticed a fire dragon
  8760 | D:8      | Killed a fire dragon
  9127 | D:8      | Found a staircase to the Lair.
  9197 | D:8      | Found a snail-covered altar of Cheibriados.
  9467 | D:8      | Identified the +0 scale mail "Vetzo" {Harm Drain rN+ Int+4}
  9565 | D:8      | Noticed a two-headed ogre
  9576 | D:8      | Killed a two-headed ogre
  9577 | D:8      | Reached skill level 10 in Fighting
  9939 | D:9      | Lost mutation: You are somewhat resistant to further
                  | mutation. [potion of mutation]
  9939 | D:9      | Lost mutation: You are clumsy. (Dex -2) [potion of
                  | mutation]
  9939 | D:9      | Gained mutation: You passively map a small area around you.
                  | [potion of mutation]
  9939 | D:9      | Gained mutation: You have sharp toenails. [potion of
                  | mutation]
  9939 | D:9      | Gained mutation: Your movements are slightly less
                  | encumbered by armour. (ER -2) [potion of mutation]
 10004 | D:9      | Noticed Erolcha
 10022 | D:9      | Killed Erolcha
 10023 | D:9      | Reached XP level 11. HP: 60/101 MP: 11/11
 10635 | D:9      | Noticed a two-headed ogre
 10659 | D:9      | Killed a two-headed ogre
 10906 | D:9      | Noticed a two-headed ogre
 10929 | D:9      | Killed a two-headed ogre
 10930 | D:9      | Reached skill level 10 in Armour
 11237 | D:9      | Reached skill level 1 in Throwing
 11732 | D:9      | Noticed an eight-headed hydra
 11733 | D:9      | Noticed a cyan ugly thing
 11775 | D:10     | Entered Level 10 of the Dungeon
 12267 | Lair:1   | Entered Level 1 of the Lair of Beasts
 12353 | Lair:1   | Noticed an eight-headed hydra
 12593 | Lair:2   | Reached skill level 1 in Evocations
 12655 | Lair:2   | Found a staircase to the Snake Pit.
 13463 | Lair:2   | Reached skill level 5 in Evocations
 13476 | Lair:2   | Reached XP level 12. HP: 33/110 MP: 12/12
 14366 | Lair:3   | Noticed a death yak
 14367 | Lair:3   | Noticed a death yak
 14368 | Lair:3   | Noticed a death yak
 14368 | Lair:3   | Noticed a death yak
 14390 | Lair:3   | Killed a death yak
 14409 | Lair:3   | Killed a death yak
 14420 | Lair:3   | Killed a death yak
 14429 | Lair:3   | Killed a death yak
 14974 | Lair:3   | Noticed Gastronok
 15083 | Lair:3   | Killed Gastronok
 15084 | Lair:3   | Reached skill level 10 in Evocations
 15430 | Lair:3   | Noticed a death yak
 15449 | Lair:3   | Noticed a death yak
 15450 | Lair:3   | Noticed a death yak
 15508 | Lair:3   | Noticed a death yak
 15518 | Lair:3   | Killed a death yak
 15519 | Lair:3   | Reached skill level 5 in Shields
 15533 | Lair:3   | Killed a death yak
 15534 | Lair:3   | Reached skill level 6 in Shields
 15539 | Lair:3   | Killed a death yak
 15540 | Lair:3   | Reached XP level 13. HP: 95/116 MP: 13/13
 15552 | Lair:3   | Reached skill level 7 in Shields
 16429 | Lair:4   | Reached skill level 8 in Shields
 16620 | Lair:4   | Noticed Nergalle
 16709 | Lair:4   | Killed Nergalle
 16721 | Lair:4   | Reached skill level 9 in Shields
 17696 | Lair:4   | Found a staircase to the Swamp.
 17920 | Lair:4   | Reached skill level 10 in Shields
 18534 | Lair:5   | Found a staircase to the Slime Pits.
 19190 | Lair:5   | Reached skill level 11 in Shields
 20249 | Lair:5   | Reached skill level 12 in Shields
 20256 | Lair:5   | Bought a polished hand axe for 224 gold pieces
 20256 | Lair:5   | Identified the +5 hand axe of Fee Simple {flame, +Blink}
                  | (You bought it in a shop on level 5 of the Lair of Beasts)
 20574 | Lair:5   | Reached XP level 14. HP: 62/124 MP: 14/14
 21494 | Lair:6   | Entered Level 6 of the Lair of Beasts
 21507 | Lair:6   | Found a transporter.
 21548 | Lair:5   | Reached skill level 13 in Shields
 21735 | Lair:6   | Found a transporter.
 21968 | Lair:6   | Noticed vhaine's ghost (journeyman DsGl)
 21968 | Lair:6   | Identified the +7 flail of Trog {flame, Fly Dex+3}
 22814 | Lair:6   | Reached skill level 14 in Shields
 22944 | Lair:6   | Found a bloodstained altar of Trog.
 23359 | Lair:6   | Reached skill level 15 in Shields
 24218 | Lair:6   | Reached skill level 16 in Shields
 24426 | Lair:6   | Found a burning altar of Makhleb.
 24451 | Lair:6   | Reached XP level 15. HP: 81/129 MP: 15/15
 25179 | Lair:6   | Reached skill level 17 in Shields
 25337 | Lair:6   | Found a gateway to Hell.
 25547 | Lair:1   | You fall into a shaft and drop 1 floor!
 27163 | D:10     | Noticed Sonja
 27172 | D:10     | Killed Sonja
 27516 | D:10     | Found a transporter.
 27675 | D:10     | Found a roughly hewn altar of Beogh.
 27675 | D:10     | Found a transporter.
 27944 | D:11     | Noticed Urug
 27960 | D:11     | Noticed Grum
 27966 | D:11     | Killed Urug
 27967 | D:11     | Reached skill level 18 in Shields
 27980 | D:11     | Killed Grum
 28388 | D:11     | You fall into a shaft and drop 3 floors!
 28866 | D:11     | Found a staircase to the Orcish Mines.
 28873 | D:11     | Noticed Harold
 28890 | D:11     | Killed Harold
 29579 | D:11     | Identified a scroll of acquirement
 29580 | D:11     | Acquired 673 gold pieces
 29630 | Orc:1    | Entered Level 1 of the Orcish Mines
 29630 | Orc:1    | Found Jiemogaed's General Store.
 29630 | Orc:1    | Found Heafes's Jewellery Shop.
 29633 | Orc:1    | Bought 2 potions of curing for 84 gold pieces
 29633 | Orc:1    | Bought a potion of haste for 140 gold pieces
 29633 | Orc:1    | Bought a wand of iceblast (5) for 126 gold pieces
 29726 | Orc:1    | Bought an amulet of reflection for 390 gold pieces
 29976 | Orc:2    | Entered Level 2 of the Orcish Mines
 30046 | Orc:2    | Found a roughly hewn altar of Beogh.
 30253 | Orc:2    | Found Duro's Weapon Shoppe.
 30731 | Orc:2    | Found a staircase to the Elven Halls.
 31677 | Orc:2    | Found Fucsif's General Store.
 31700 | Orc:2    | Bought a scroll of enchant armour for 112 gold pieces
 31700 | Orc:2    | Bought a scroll of holy word for 112 gold pieces
 31700 | Orc:2    | Bought a scroll of enchant armour for 112 gold pieces
 31700 | Orc:2    | Found Beoh's Weapon Shop.
 31702 | Orc:2    | Found Wezijig's Magic Scroll Shoppe.
 31711 | Orc:2    | Bought a scroll of fear for 42 gold pieces
 31711 | Orc:2    | Bought a scroll of enchant weapon for 90 gold pieces
 31711 | Orc:2    | Bought a scroll of enchant weapon for 90 gold pieces
 31829 | Orc:1    | Found Fyurean's Book Shoppe.
 31836 | Orc:1    | Paralysed by an orc sorcerer for 5 turns
 31914 | Orc:1    | Noticed an orc warlord
 32126 | Orc:2    | Killed an orc warlord
 32127 | Orc:2    | Reached XP level 16. HP: 66/145 MP: 16/16
 32502 | Orc:1    | Found Medghen's Distillery.
 32510 | Orc:1    | Bought a potion of might for 64 gold pieces
 32510 | Orc:1    | Bought a potion of might for 64 gold pieces
 32510 | Orc:1    | Bought 2 potions of haste for 320 gold pieces
 32510 | Orc:1    | Bought a potion of cancellation for 128 gold pieces
 32878 | D:12     | Identified the -1 pair of boots of Lust {Dex+5}
 33542 | D:13     | Found a gate to the Vaults.
 33633 | D:13     | Reached skill level 15 in Fighting
 33943 | D:13     | You fall into a shaft and drop 1 floor!
 34074 | D:13     | Found a sacrificial altar of Ru.
 34236 | D:13     | Noticed Nessos
 34247 | D:13     | Killed Nessos
 35401 | D:14     | Noticed Rupert
 35423 | D:14     | Killed Rupert
 35822 | D:15     | Entered Level 15 of the Dungeon
 36264 | D:15     | Found a staircase to the Depths.
 36909 | D:15     | Reached skill level 5 in Throwing
 38423 | Elf:1    | Entered Level 1 of the Elven Halls
 38487 | Elf:1    | HP: 6/152 [+2 battleaxe of distortion (14)]
 38919 | Elf:1    | Cast into level 2 of the Abyss (+2 battleaxe of distortion)
 38920 | Abyss:2  | Found a corrupted altar of Lugonu.
 38923 | Abyss:2  | Found a corrupted altar of Lugonu.
 38932 | Abyss:2  | Found a corrupted altar of Lugonu.
 38947 | Elf:1    | Escaped the Abyss
 39577 | Elf:1    | Reached XP level 17. HP: 159/159 MP: 17/17
 40446 | Elf:1    | Killed from afar by a blizzard demon

Illustrated notes

Levels and vault maps discovered:
D:1:      wander_arrival_fairy_ring, layout_basic
D:2:      layout_rooms, chequers_ecumenical_altar_simple_redux,
          wad_floor_pattern_untrapped, chequers_hall_statues_y, minmay_puff
D:3:      layout_basic, nicolae_overflow_quartered_altars, zin_angel,
          uniq_natasha, uniq_jessica
D:4:      layout_cave_pools, serial_rivers, chequers_serial_rivers_small_b,
          chequers_serial_rivers_large_b, chequers_serial_rivers_small_a,
          chequers_serial_rivers_small_b, chequers_serial_rivers_micro_e,
          chequers_serial_rivers_small_b, gup_sewer_entry_spiral,
          kennysheep_dice
D:5:      layout_rooms, serial_shops, nicolae_shop_behind_doors
D:6:      layout_basic, minmay_temple_entry_junction_2,
          chequers_serial_rivers_small_3
D:7:      layout_cave_pools, enter_ossuary_4, minmay_misc_feat_encased,
          minivault_22
D:8:      layout_basic, kennysheep_slug_shrine, minmay_lair_entry_lava
D:9:      nzn_winding_woodlands_three_and_one [nzn_winding_woodlands_5x15_eye,
          nzn_winding_woodlands_5x15_sidewinder,
          nzn_winding_woodlands_5x15_pool,
          nzn_winding_woodlands_center_pierced_h], layout_irregular_city,
          minmay_misc_feat_rugged, uniq_erolcha
D:10:     gammafunk_beogh_shrine, layout_irregular_city, grunt_ministairs_14,
          hangedman_ranch [blue_anna_fruit_fields], uniq_sonja
D:11:     layout_loops_ring, orc_0_dummy, corexii_leaking_fountain,
          hangedman_decor_points, uniq_grum, uniq_harold, uniq_urug
D:12:     layout_irregular_city
D:13:     layout_loops_ring, erik_vaults_2, nicolae_ru_great_annihilating_truth,
          uniq_nessos
D:14:     layout_cave_pools, serial_column_ruins, column_ruins_hut_ruined,
          column_ruins_open_small, column_ruins_open_large,
          column_ruins_open_small, column_ruins_open_medium,
          column_ruins_open_tiny, minmay_staircase_windowed_small,
          corexii_checkpoint_a, uniq_rupert
D:15:     gammafunk_depths_entry_grave, layout_cave_pools, serial_undead,
          serial_undead_a, serial_undead_e, serial_undead_b, serial_undead_d,
          minmay_quadrilaterals
Lair:1:   layout_hall_layers, fungi_pond_lemuel
Lair:2:   lemuel_reptile_caves, layout_hall_layers, guppyfry_snake_entry_garden,
          infiniplex_staircase_pool
Lair:3:   layout_cellular_growth, uniq_gastronok
Lair:4:   layout_small_grid, palyth_hydra_swamp_entry, uniq_nergalle
Lair:5:   layout_cave_pods, slime_dummy, special_room
          [special_room_mythical_zoo], serial_forest,
          infiniplex_forest_lined_4_way, infiniplex_forest_fountain,
          infiniplex_forest_lined_room_2, infiniplex_forest_3_way,
          infiniplex_forest_lined_4_way, infiniplex_forest_straight_1,
          infiniplex_forest_end_2, infiniplex_forest_straight_4
Lair:6:   evil_forest, layout_gridlike, gammafunk_ghost_wrathful_warriors,
          minmay_shattered_shrine
Orc:1:    layout_caves, serial_shops, nicolae_shop_statue_plus, shop, shop,
          shop_fountains
Orc:2:    st_orc_elflike, layout_diamond_mine, basic_altar, lightli_orcish_oven
Elf:1:    eino_elf_arrival_customs, layout_loops_corners,
          hangedman_elven_crosses_minicolossus, nicolae_elf_big_sculpture_3,
          minmay_elf_demonology

Skill      XL: |  1  2  3  4  5  6  7  8  9 10 11 12 13 14 15 16 17 |
---------------+----------------------------------------------------+-----
Fighting       | 4 5 6 7 8 9 10 11 13 16 | 16.5
Axes           | 3 4 5 6 8 16 | 16.8
Shields        | 4 6 12 16 18 | 18.0
Armour         | 5 8 10 | 10.1
Throwing       | 3 5 6 |  6.2
Evocations     | 5 10 11 | 11.6
Dodging        | |  0.2

Action                   |  1- 3 |  4- 6 |  7- 9 | 10-12 | 13-15 | 16-18 || total
-------------------------+-------+-------+-------+-------+-------+-------++-------
Melee: War axe           |    85 |   150 |   148 |   636 |   302 |       ||  1321
       Kick              |       |       |       |   135 |   470 |       ||   605
       Hand axe          |       |       |       |       |  1317 |   856 ||  2173
Throw: Dart              |    17 |       |       |    14 |    12 |     1 ||    44
Invok: Potion Petition   |       |       |       |     3 |       |       ||     3
       Call Merchant     |       |       |       |       |     2 |       ||     2
       Bribe Branch      |       |       |       |       |       |     1 ||     1
Evoke: Wand              |       |       |       |     3 |    12 |       ||    15
       Lightning rod     |       |       |       |       |     4 |       ||     4
  Use: Potion            |     1 |     2 |     1 |    14 |     4 |     4 ||    26
       Scroll            |       |       |    12 |    13 |    12 |     6 ||    43
 Stab: Distracted        |       |       |       |     5 |     9 |     2 ||    16
       Paralysed         |       |       |       |       |     6 |     1 ||     7
       Petrified         |       |       |       |       |     5 |       ||     5
Armor: Scale mail        |    46 |    65 |    64 |    30 |       |       ||   205
       Plate armour      |       |       |       |   313 |   531 |   215 ||  1059
       Skin              |       |       |       |     1 |       |       ||     1
Dodge: Dodged            |    30 |    46 |    50 |   123 |   451 |   114 ||   814
Block: Kite shield       |    52 |    74 |    71 |   237 |   925 |   602 ||  1961
       Reflection        |       |       |       |       |     6 |     7 ||    13

Table legend: (Time is in decaauts)
 A = Elapsed time spent in this place.
 B = Non-inter-level travel time spent in this place.
 C = Inter-level travel time spent in this place.
 D = Time resting spent in this place.
 E = Time spent auto-exploring this place.
 F = Levels seen in this place.
 G = Mean time per level.
                   A        B        C        D        E       F      G
               +--------+--------+--------+--------+--------+-----+--------+
         Total |  39668 |  38123 |   1545 |  11092 |  20602 |  26 | 1525.7 |
       Dungeon |  20531 |  19487 |   1044 |   4557 |  11796 |  15 | 1368.7 |
          Lair |  13484 |  13252 |    232 |   4132 |   6940 |   6 | 2247.3 |
  Orcish Mines |   3791 |   3524 |    267 |   1864 |   1057 |   2 | 1895.5 |
   Elven Halls |   1066 |   1066 |      0 |    318 |    494 |   1 | 1066.0 |
         Abyss |     27 |     27 |      0 |      0 |      0 |   1 |   27.0 |
       Ossuary |    767 |    767 |      0 |    219 |    314 |   1 |  767.0 |
               +--------+--------+--------+--------+--------+-----+--------+

Top non-repeatable levels by time:
  Lair:5: 3557 daAuts
  Lair:6: 2824 daAuts
  Lair:4: 2703 daAuts
   Orc:2: 2603 daAuts
     D:9: 2418 daAuts
     D:8: 2142 daAuts
  Lair:3: 2013 daAuts
    D:14: 1939 daAuts
  Lair:2: 1605 daAuts
     D:3: 1539 daAuts
    D:11: 1484 daAuts
    D:13: 1445 daAuts
     D:6: 1338 daAuts
    D:15: 1334 daAuts
     D:5: 1249 daAuts
